 Dungeon Crawl Stone Soup version 0.30-a0-711-gf4ac18a38d (webtiles) character file.

Game seed: 2715151137295482382

2502 OTABOTABOTAB the Destroyer (level 9, -5/45 HPs)
             Began as a Deep Elf Conjurer on Jan 22, 2023.
             Was a Believer of Sif Muna.
             Killed from afar by Maggie (18 damage)
             ... with a bolt of fire
             ... on level 7 of the Dungeon.
             The game lasted 00:09:46 (7101 turns).

OTABOTABOTAB the Destroyer (Deep Elf Conjurer)      Turns: 7101, Time: 00:09:47

Health: -5/45      AC:  7    Str:  4    XL:     9   Next: 28%
Magic:  1/23       EV: 12    Int: 28    God:    Sif Muna [**....]
Gold:   218        SH:  0    Dex: 13    Spells: 13/24 levels left

rFire   . . .      SeeInvis .    a - staff of conjuration
rCold   . . .      Faith    .    (no shield)
rNeg    . . .      Spirit   .    i - +0 robe
rPois   .          Reflect  .    (no helmet)
rElec   .          Harm     .    r - +0 cloak
rCorr   .          Rampage  .    f - +0 pair of gloves
Will    .....                    m - +2 pair of boots
Stlth   ++                       (no amulet)
HPRegen 0.27/turn                (no ring)
MPRegen 0.18/turn                (no ring)

@: no status effects
A: no striking features
a: Renounce Religion, Channel Magic


You were on level 7 of the Dungeon.
You worshipped Sif Muna.
Sif Muna was pleased with you.
You visited 1 branch of the dungeon, and saw 7 of its levels.

You collected 308 gold pieces.
You spent 90 gold pieces at shops.

Inventory:

Hand Weapons
 k - the +8 hammer of Tumult {drain, rPois rN+ Dex+3}
   (You found it on level 2 of the Dungeon)

   Dex:       It affects your dexterity (+3).
   rPois:     It protects you from poison.
   rN:        It protects you from negative energy.
Armour
 f - a +0 pair of gloves (worn)
   (You found it on level 3 of the Dungeon)
 i - a +0 robe (worn)
 m - a +2 pair of boots (worn)
   (You found it on level 4 of the Dungeon)
 r - a +0 cloak (worn)
   (You took it off Crazy Yiuf on level 2 of the Dungeon)
Magical Staves
 a - a staff of conjuration (weapon)
   (You found it on level 3 of the Dungeon)
 b - a staff of earth
   (You found it on level 6 of the Dungeon)
Jewellery
 c - a ring of ice {rC+, rF-}
   (You found it on level 4 of the Dungeon)
 F - a ring of protection from fire {rF+, !d}
   (You took it off an orc wizard on level 6 of the Dungeon)
Wands
 d - a wand of digging (4)
   (You found it on level 5 of the Dungeon)
 j - a wand of polymorph (1)
   (You took it off a wight on level 6 of the Dungeon)
 q - a wand of flame (30)
   (You found it on level 3 of the Dungeon)
Scrolls
 n - 3 scrolls of fog
 p - 2 scrolls of enchant weapon
 Y - a scroll of teleportation {@r3}
Potions
 e - a potion of heal wounds {unknown}
 h - a potion of attraction {!q}
 l - a potion of mutation {unknown}
 B - 2 potions of brilliance
 H - a potion of haste
 J - a potion of curing {@q1}
 M - 3 potions of might
 P - a potion of lignification {!q}
 T - 3 potions of berserk rage {!q}


   Skills:
 - Level 2.4 Dodging
 - Level 2.4 Stealth
 + Level 8.0 Spellcasting
 * Level 10.0 Conjurations
 - Level 5.0 Hexes
 - Level 5.0 Translocations
 + Level 4.7 Invocations


You had 13 spell levels left.
You knew the following spells:

 Your Spells              Type           Power      Damage    Failure   Level
a - Magic Dart            Conj           100%       1d8       1%          1
b - Searing Ray           Conj           100%       2d8       1%          2
c - Fulminant Prism       Conj/Hex       34%        3d16      2%          4
x - Iskenderun's Mystic   Conj/Tloc      68%        2d14      2%          4

Your spell library contained the following spells:

 Spells                   Type           Power      Damage    Failure   Level
 Dazzling Flash           Conj/Hex       100%       N/A       1%          3
 Tukima's Dance           Hex            39%        N/A       1%          3
 Passage of Golubria      Tloc           39%        N/A       6%          4
 Yara's Violent Unravell  Hex/Tmut       12%        3d7       43%         5


Dungeon Overview and Level Annotations

Branches:
Dungeon (7/15)             Temple (0/1) D:6

Altars:
Dithmenos
Gozag
Kikubaaqudgha
Qazlal
Ru
Sif Muna
Wu Jian
Zin

Shops:
D:3 :

Annotations:
D:7 Maggie, Pikel


Message History

You add the spells Tukima's Dance, Passage of Golubria and Yara's Violent Unravelling to your library.
A hound comes into view.
You feel a surge of power!
The magic dart hits the hound.
You now have 21/22 mp.
Aim: a hound (lightly wounded, 100% to hit)
You feel a surge of power!
The magic dart hits the hound.
The hound barely misses you. x2
You now have 20/22 mp.
You don't know that spell.
You feel a surge of power!
You erupt in a blast of force!
The mystic blast hits the hound!
You hear a croak.
The hound barely misses you.
A bullfrog comes into view.
You now have 16/22 mp.
You feel a surge of power!
You erupt in a blast of force!
The mystic blast hits the hound!
You kill the hound!
Sif Muna accepts your kill.
You now have 12/22 mp.
Aim: a bullfrog (79% to hit)
You feel a surge of power!
The searing ray hits the bullfrog. (Press . to maintain the ray.)
You now have 11/22 mp.
The searing ray hits the bullfrog!
You now have 10/22 mp.
The searing ray hits the bullfrog!
The bullfrog releases a deep croak.
The bullfrog closely misses you. The bullfrog hits you.
You take 1 damage, and have 44/45 hp.
You now have 9/22 mp.
The searing ray hits the bullfrog!
You kill the bullfrog!
Sif Muna accepts your kill.
You finish channelling your searing ray.
Health restored: 45 You now have 8/22 mp.
Things that are here:
a bullfrog corpse; a hound corpse You see here a +2 dagger of venom.
MP restored: 22 You see here a scroll of immolation {!r}.
Maggie and a centaur come into view.
Maggie is wielding a +1 halberd of flaming.
Found a whip.
Found a stone staircase leading up.
Unknown command.
You feel a surge of power!
You conjure a prism of explosive energy!
A fulminant prism comes into view.
Maggie shouts!
Maggie practices a pose.
You now have 18/22 mp.
Your fulminant prism crackles loudly.
Sif Muna accepts your kill.
You feel a bit more experienced.
You hear a shout!
Your Spellcasting skill increases to level 8!
Your Conjurations skill increases to level 10!
Aim: Maggie, wielding a +1 halberd of flaming and wearing +2 acid dragon scales (83% to hit)
You feel a surge of power!
The searing ray misses Maggie. (Press . to maintain the ray.)
You now have 17/23 mp.
The searing ray hits Maggie.
Maggie hits you from afar with a +1 halberd of flaming!
Maggie burns you.
You take 21 damage, and have 24/45 hp.
MASSIVE DAMAGE!!
You now have 16/23 mp.
You feel a surge of power!
You erupt in a blast of force!
The mystic blast hits Maggie!!
You hear a shout! x3
Maggie gestures at you while chanting. The bolt of fire misses you.
You now have 12/23 mp.
You feel a surge of power!
You erupt in a blast of force!
The mystic blast hits Maggie!
You hear a shout!
Maggie gestures wildly while chanting.
Maggie attempts to bespell you! You resist with almost no effort.
You now have 8/23 mp.
You feel a surge of power!
You erupt in a blast of force!
The mystic blast hits Maggie.
Maggie is knocked back by the mystic blast.
A lemure comes into view.
You now have 4/23 mp.
Aim: Maggie, wielding a +1 halberd of flaming and wearing +2 acid dragon scales (severely wounded, 83% to hit)
You feel a surge of power!
The searing ray hits Maggie! (Press . to maintain the ray.)
You now have 3/23 mp.
The searing ray hits Maggie.
Maggie hits you from afar with a +1 halberd of flaming!
Maggie burns you.
* * * LOW HITPOINT WARNING * * *
Pikel, Merchant of Souls comes into view.
He is wielding a +0 whip of flaming.
You take 12 damage, and have 13/45 hp.
MASSIVE DAMAGE!!
You now have 2/23 mp.
The searing ray hits Maggie but does no damage.
Maggie casts a spell at you. The bolt of fire hits you!!
You die...

#.)....#.## #####...##
##......?#
#######.........
#.......###......#........
#............####.........
#........######...........
#######..# ##..........#
#..## ##.........### ##..#
#.......####
##@###..###### #..####
##@## #..# .......#.#
..<....#.5# .......##...
)...... #.K. ....... ...c.


You could see Maggie, Pikel and a lemure.

Vanquished Creatures
  Sigmund (D:2)
  A steam dragon (D:6)
  A water moccasin (D:5)
  Duvessa (D:4)
  2 ice beasts (D:6)
  A black bear (D:6)
  An ogre (D:6)
  A centaur (D:7)
  A phantom (D:6)
  3 bullfrogs
  A gnoll sergeant (D:5)
  A necrophage (D:5)
  A scorpion (D:5)
  5 wights (D:6)
  Dowan (D:4)
  3 hounds
  2 orc priests
  Crazy Yiuf (D:2)
  9 orc wizards
  Natasha (thrice) (D:2)
  3 iguanas
  8 gnolls
  3 adders
  A white imp (D:6)
  3 worms
  3 dart slugs
  24 orcs
  8 ball pythons
  9 endoplasms
  A giant cockroach (D:3)
  5 goblins
  3 hobgoblins
  7 jackals
  3 kobolds
  2 quokkas
  2 bats
  3 frilled lizards
  4 rats
132 creatures vanquished.

Vanquished Creatures (others)
  8 fulminant prisms
8 creatures vanquished.

Grand Total: 140 creatures vanquished

Notes
Turn   | Place    | Note
-------+----------+-------------------------------------------
     0 | D:1      | OTABOTABOTAB the Deep Elf Conjurer began the quest for the
                  | Orb.
     0 | D:1      | Reached XP level 1. HP: 10/10 MP: 6/6
   136 | D:1      | Reached XP level 2. HP: 15/15 MP: 5/8
   139 | D:1      | Learned a level 2 spell: Searing Ray
   251 | D:1      | Found a faded altar of an unknown god.
   365 | D:1      | Reached skill level 5 in Conjurations
   628 | D:1      | Reached XP level 3. HP: 19/19 MP: 5/10
  1020 | D:2      | Reached skill level 4 in Spellcasting
  1022 | D:2      | Reached XP level 4. HP: 24/24 MP: 2/12
  1116 | D:2      | Learned a level 4 spell: Fulminant Prism
  1121 | D:2      | Learned a level 4 spell: Iskenderun's Mystic Blast
  1138 | D:2      | Noticed Sigmund
  1142 | D:2      | Killed Sigmund
  1143 | D:2      | Reached skill level 6 in Conjurations
  1143 | D:2      | Reached skill level 2 in Hexes
  1143 | D:2      | Reached skill level 1 in Translocations
  1143 | D:2      | Reached XP level 5. HP: 24/28 MP: 8/14
  1492 | D:2      | Noticed Natasha
  1499 | D:2      | Killed Natasha
  1500 | D:2      | Reached XP level 6. HP: 12/32 MP: 7/15
  1508 | D:2      | Noticed Natasha
  1511 | D:2      | Killed Natasha
  1512 | D:2      | Reached skill level 5 in Spellcasting
  1512 | D:2      | Reached skill level 2 in Translocations
  1787 | D:2      | Found a runed translucent door.
  1788 | D:2      | Noticed Crazy Yiuf
  1794 | D:2      | Killed Crazy Yiuf
  1805 | D:2      | Identified the +8 hammer of Tumult {drain, rPois rN+ Dex+3}
  2471 | D:3      | Found Dasky's Vocational Training.
  2665 | D:2      | Noticed Natasha
  2668 | D:2      | Killed Natasha
  2903 | D:3      | Found a shimmering blue altar of Sif Muna.
  3022 | D:3      | Reached skill level 3 in Hexes
  3024 | D:3      | Became a worshipper of Sif Muna the Loreminder
  3303 | D:4      | Noticed Duvessa
  3313 | D:4      | Killed Duvessa
  3314 | D:4      | Reached skill level 7 in Conjurations
  3314 | D:4      | Reached XP level 7. HP: 19/36 MP: 6/17
  3315 | D:4      | Noticed Dowan
  3614 | D:4      | Killed Dowan
  3615 | D:4      | Reached skill level 1 in Invocations
  4389 | D:4      | Found an opulent altar of Gozag.
  4501 | D:4      | Found a stormy altar of Qazlal.
  4511 | D:4      | Found a shadowy altar of Dithmenos.
  4511 | D:4      | Found an ornate altar of the Wu Jian Council.
  4564 | D:5      | Entered Level 5 of the Dungeon
  4582 | D:5      | Reached skill level 3 in Translocations
  4593 | D:5      | Reached skill level 6 in Spellcasting
  4594 | D:5      | Reached skill level 4 in Hexes
  4594 | D:5      | Reached skill level 2 in Invocations
  4604 | D:5      | HP: 9/36 [orc/sling bullet (2)]
  5083 | D:5      | Found an ancient bone altar of Kikubaaqudgha.
  5184 | D:5      | Reached XP level 8. HP: 40/41 MP: 9/19
  5325 | D:6      | Reached skill level 8 in Conjurations
  5495 | D:6      | Reached skill level 4 in Translocations
  5495 | D:6      | Reached skill level 3 in Invocations
  5539 | D:6      | Reached skill level 5 in Hexes
  5577 | D:6      | Found a staircase to the Ecumenical Temple.
  5578 | D:6      | Found a sacrificial altar of Ru.
  5647 | D:6      | Reached * piety under Sif Muna
  5761 | D:6      | Reached skill level 7 in Spellcasting
  5832 | D:6      | Reached skill level 9 in Conjurations
  6031 | D:6      | Found Zin's Purification Station.
  6031 | D:6      | Found a glowing silver altar of Zin.
  6127 | D:6      | Bought a potion of curing for 90 gold pieces
  6227 | D:6      | Reached skill level 4 in Invocations
  6233 | D:6      | Reached skill level 5 in Translocations
  6233 | D:6      | Reached XP level 9. HP: 35/45 MP: 3/22
  6951 | D:7      | Reached ** piety under Sif Muna
  7083 | D:7      | Noticed Maggie
  7092 | D:7      | Reached skill level 8 in Spellcasting
  7092 | D:7      | Reached skill level 10 in Conjurations
  7100 | D:7      | Noticed Pikel
  7101 | D:7      | Killed from afar by Maggie

Illustrated notes

Levels and vault maps discovered:
D:1:      wheals_arrival_shading, layout_basic,
          shapermc_ecumenical_altar_notcrosses
D:2:      layout_basic, uniq_sigmund, uniq_crazy_yiuf_cottage, uniq_natasha
D:3:      layout_basic, led_sif_book, nicolae_shop_vocational
D:4:      layout_basic, marbit_many_paths, gammafunk_temple_overflow_forgotten,
          uniq_duvessa
D:5:      layout_rooms, mainiacjoe_overflow_alcove_4, feat_on_display
D:6:      layout_cave_pools, nicolae_ru_great_annihilating_truth, zin_purify,
          minmay_temple_entry_statues_pillars
D:7:      layout_cave_pods, tgw_trog, minmay_misc_feat_columns,
          lightli_orcish_oven, uniq_pikel, uniq_maggie

Skill      XL: |  1  2  3  4  5  6  7  8  9 |
---------------+----------------------------+-----
Conjurations   | 5 6 7 9 10 | 10.0
Spellcasting   | 4 5 6 7 8 |  8.0
Hexes          | 2 3 4 5 |  5.0
Translocations | 1 2 3 5 |  5.0
Invocations    | 2 4 |  4.7
Dodging        | |  2.4
Stealth        | |  2.4

Action                     |  1- 3 |  4- 6 |  7- 9 || total
---------------------------+-------+-------+-------++-------
  Melee: Unarmed           |     1 |       |       ||     1
         Staff             |       |       |     7 ||     7
   Cast: Magic Dart        |    46 |    40 |    91 ||   177
         Searing Ray       |     2 |     7 |    28 ||    37
         Iskenderun's Myst |       |     1 |    18 ||    19
         Fulminant Prism   |       |     1 |     7 ||     8
    Use: Scroll            |     3 |     7 |     5 ||    15
         Potion            |       |       |     1 ||     1
 Armour: Robe              |     1 |       |     9 ||    10
  Dodge: Dodged            |     4 |     3 |    17 ||    24

Table legend: (Time is in decaauts)
 A = Elapsed time spent in this place.
 B = Non-inter-level travel time spent in this place.
 C = Inter-level travel time spent in this place.
 D = Time resting spent in this place.
 E = Time spent auto-exploring this place.
 F = Levels seen in this place.
 G = Mean time per level.
                   A        B        C        D        E       F      G
               +--------+--------+--------+--------+--------+-----+--------+
         Total |   7091 |   6671 |    420 |    722 |   5248 |   7 | 1013.0 |
       Dungeon |   7091 |   6671 |    420 |    722 |   5248 |   7 | 1013.0 |
               +--------+--------+--------+--------+--------+-----+--------+

Top non-repeatable levels by time:
     D:4: 1477 daAuts
     D:6: 1329 daAuts
     D:3: 1155 daAuts
     D:2: 1060 daAuts
     D:1: 1014 daAuts
     D:5: 613 daAuts
     D:7: 441 daAuts

Table legend:
 A = Kills in this place as a percentage of kills in entire the game.
 B = Kills by you in this place as a percentage of kills by you in the entire game.
 C = Kills by friends in this place as a percentage of kills by friends in the entire game.
 D = Other kills in this place as a percentage of other kills in the entire game.
 E = Experience gained in this place as a percentage of experience gained in the entire game.
 F = Experience gained in this place divided by the number of levels of this place that you have seen.
                   A       B       C       D       E      F
               +-------+-------+-------+-------+-------+----------------------
         Total | 100.0 | 100.0 |   N/A |   N/A | 100.0 | 510.7
       Dungeon | 100.0 | 100.0 |   N/A |   N/A | 100.0 | 510.7
               +-------+-------+-------+-------+-------+----------------------
